 Dungeon Crawl Stone Soup version 0.22.1-2-g9c5b331383 (webtiles) character file.

109 Ihlosi the Skirmisher (level 5, -5/41 HPs)
             Began as a Human Gladiator on Nov 18, 2018.
             Killed by nerve-wracking pain
             ... invoked by Grinder
              (12 damage)
             ... on level 3 of the Dungeon.
             The game lasted 00:05:22 (1898 turns).

Ihlosi the Skirmisher (Human Gladiator)             Turns: 1898, Time: 00:05:22

Health: -5/41      AC:  4    Str: 14    XL:     5   Next: 13%
Magic:  5/5        EV: 13    Int:  8    God:
Gold:   161        SH:  0    Dex: 16    Spells: 4/4 levels left

rFire    . . .     SeeInvis .   a - +0 long sword
rCold    . . .     Gourm    .   (no shield)
rNeg     . . .     Faith    .   b - +0 leather armour
rPois    .         Spirit   .   c - +0 helmet
rElec    .         Reflect  .   (no cloak)
rCorr    .         Harm     .   (no gloves)
MR       .....                  (no boots)
Stlth    ++........             (no amulet)
HPRegen  0.13/turn              (no ring)
MPRegen  0.09/turn              (no ring)

@: no status effects
A: no striking features
a: no special abilities


You were on level 3 of the Dungeon.
You were hungry.

You visited 1 branch of the dungeon, and saw 3 of its levels.

You collected 161 gold pieces.

Inventory:

Hand Weapons
 a - a +0 long sword (weapon)
Armour
 b - a +0 leather armour (worn)
 c - a +0 helmet (worn)
 p - a +0 robe
Scrolls
 g - a scroll of fear
 l - 2 scrolls of teleportation {unknown}
 m - 2 scrolls of remove curse {unknown}
 n - a scroll of immolation {unknown}
 o - a scroll of random uselessness {unknown}
Potions
 e - a potion of heal wounds
 h - a potion of magic
 i - a potion of ambrosia {unknown}
 k - a potion of cancellation {unknown}
Comestibles
 f - 6 rations
 q - a chunk of flesh


   Skills:
 * Level 3.5 Fighting
 + Level 3.3 Long Blades
 - Level 2.0 Throwing
 * Level 2.4 Armour
 - Level 3.0 Dodging
 - Level 1.0 Stealth


You had 4 spell levels left.
You didn't know any spells.
Your spell library was empty.

Dungeon Overview and Level Annotations

Branches:
Dungeon (3/15)

Altars:
Wu Jian

Annotations:
D:3 Grinder


Message History

Grinder gestures at you. Pain shoots through your body!
You hit Grinder.
Grinder is severely wounded.
Grinder closely misses you.
You riposte.
You barely miss Grinder.
Grinder is severely wounded.
You slash Grinder!
Grinder is almost dead.
Grinder gestures at you. Pain shoots through your body!
* * * LOW HITPOINT WARNING * * *
You hit Grinder but do no damage.
Grinder is almost dead.
Grinder hits you.
* * * LOW HITPOINT WARNING * * *
You writhe in agony.
* * * LOW HITPOINT WARNING * * *
Grinder gestures at you. Pain shoots through your body!
You die...

# ###...##
#.#####..########..
# #...#.# #.(.#
#..## ## ##...#.#
##..###...##### .#
#...##.###
#....(..[.....# .#
#...##...##
#.##..........# .#
#..#####<.#
#.##.###).....#
.###.## ##.# #(##.#
....... ..#..# .#
#5##)# ......#
#....# .# #@##.#
....... ##..## .#
#.##.# .......
#...# .# #.##.#
$... ....##### .#
#.##.# ##......# b.
...#.# ###.###.#
##...# #...# ###
.... #.### .. #.#
..#


You could see Grinder.

Vanquished Creatures
  2 adders (D:3)
  An ooze (D:2)
  2 dart slugs
  3 leopard geckos
  3 orcs (D:3)
  2 ball pythons
  7 bats
  5 giant cockroaches
  11 goblins
  12 hobgoblins
  2 jackals (D:3)
  A quokka (D:2)
  2 frilled lizards (D:1)
  7 kobolds
  6 rats
66 creatures vanquished.

Notes
Turn   | Place    | Note
-------+----------+-------------------------------------------
     0 | D:1      | Ihlosi the Human Gladiator began the quest for the Orb.
     0 | D:1      | Reached XP level 1. HP: 16/16 MP: 1/1
    41 | D:1      | Reached XP level 2. HP: 22/22 MP: 2/2
   101 | D:1      | Reached skill level 1 in Armour
   101 | D:1      | Reached skill level 1 in Stealth
   160 | D:1      | Reached XP level 3. HP: 12/28 MP: 3/3
   907 | D:2      | Reached XP level 4. HP: 23/35 MP: 4/4
  1488 | D:3      | Found an ornate altar of the Wu Jian Council.
  1668 | D:3      | Reached XP level 5. HP: 39/41 MP: 5/5
  1821 | D:3      | Noticed Grinder
  1825 | D:3      | Paralysed by Grinder for 6 turns
  1839 | D:3      | Paralysed by Grinder for 2 turns
  1847 | D:3      | Paralysed by Grinder for 5 turns
  1875 | D:3      | Paralysed by Grinder for 7 turns
  1898 | D:3      | Killed from afar by Grinder

Skill      XL: |  1  2  3  4 |
---------------+-------------+-----
Armour         | 1 2 |  2.4
Stealth        | 1 |  1.0
Fighting       | 3 |  3.5
Long Blades    | |  3.3
Throwing       | |  2.0
Dodging        | |  3.0

Action                   |  1- 3 |  4- 6 || total
-------------------------+-------+-------++-------
Melee: Long sword        |    93 |    92 ||   185
Throw: Throwing net      |       |    10 ||    10
  Use: Scroll            |       |     3 ||     3
  Eat: Chunk             |       |     3 ||     3
Armor: Leather armour    |    29 |    19 ||    48
Dodge: Dodged            |    84 |    76 ||   160
       Rpst.: Long sword |    41 |    26 ||    67
